 Dungeon Crawl Stone Soup version 0.26.0-15-gc6cd9f7 (webtiles) character file.

Game seed: 15046907755312142910

63 Ubbricas the Twirler (level 3, 0/28 HPs)
             Began as a Demonspawn Gladiator on Jan 21, 2021.
             Slain by a goblin
             ... wielding a +0 club
              (6 damage)
             ... on level 2 of the Dungeon.
             The game lasted 00:01:50 (1290 turns).

Ubbricas the Twirler (Demonspawn Gladiator)         Turns: 1290, Time: 00:01:51

Health: 0/28       AC:  5    Str: 15    XL:     3   Next: 89%
Magic:  3/3        EV: 13    Int:  9    God:
Gold:   57         SH:  0    Dex: 14    Spells: 2/2 levels left

rFire    . . .     SeeInvis .   a - +0 quarterstaff
rCold    . . .     Faith    .   (shield currently unavailable)
rNeg     . . .     Spirit   .   b - +0 leather armour
rPois    .         Reflect  .   c - +0 helmet
rElec    .         Harm     .   (no cloak)
rCorr    .         Rampage  .   (no gloves)
Will     .....                  f - +0 pair of boots
Stlth    +.........             j - amulet of magic regeneration
HPRegen  0.09/turn              (no ring)
MPRegen  0.33/turn              (no ring)

@: lethally poisoned (0 -> -6)
A: hooves 1, spiny 1
a: no special abilities


You were on level 2 of the Dungeon.
You visited 1 branch of the dungeon, and saw 2 of its levels.

You collected 57 gold pieces.

Inventory:

Hand Weapons
 a - a +0 quarterstaff (weapon)
Missiles
 d - 3 throwing nets (quivered)
Armour
 b - a +0 leather armour (worn)
 c - a +0 helmet (worn)
 f - a +0 pair of boots (worn)
Jewellery
 j - an amulet of magic regeneration (around neck)
Scrolls
 i - 3 scrolls of remove curse {unknown}
 k - a scroll of enchant weapon {unknown}
Potions
 e - a potion of might {unknown}
 g - a potion of curing {unknown}
 h - a potion of invisibility {unknown}
 l - a potion of ambrosia {unknown}
 m - a potion of berserk rage {unknown}


   Skills:
 + Level 2.8 Fighting
 * Level 3.8 Staves
 - Level 1.7 Throwing
 - Level 2.8 Dodging


You had 2 spell levels left.
You didn't know any spells.
Your spell library was empty.

Dungeon Overview and Level Annotations

Branches:
Dungeon (2/15)

Altars:


Innate Abilities, Weirdness & Mutations

You have large cloven feet.
You are partially covered in sharp spines.


Message History

The gnoll misses you.
You closely miss the gnoll.
The gnoll is severely wounded.
You feel sick. The gnoll hits you.
* * * LOW HITPOINT WARNING * * *
You barely miss the gnoll.
The gnoll is severely wounded.
* * * LOW HITPOINT WARNING * * *
You feel sick. The gnoll is struck by your spines. The gnoll barely misses you.
You sock the gnoll!
You kill the gnoll!
You closely miss the kobold.
* * * LOW HITPOINT WARNING * * *
You feel sick. The kobold closely misses you.
You sock the kobold!
You kill the kobold!
* * * LOW HITPOINT WARNING * * *
You feel sick.
You barely miss the goblin. The goblin hits you with a +0 club.
You die...

... ..#...#### . ...#
.........##.. r.
....##.#.......#.#
.................... ....
..............## ###
..... ............. ....
......###.#.......##.....
.....rgg@.........†......
.....####.##.......# ...
###.##..<....# #
#............#
#.........>.##
#......#...##
#......##### #....†##
#.....#


You could see a gnoll, a goblin and a rat.

Vanquished Creatures
  3 gnolls
  An ooze (D:1)
  2 dart slugs (D:1)
  2 giant cockroaches
  3 goblins (D:1)
  2 hobgoblins (D:1)
  3 jackals (D:1)
  4 bats
  3 frilled lizards (D:1)
  2 kobolds
  A rat (D:1)
26 creatures vanquished.

Notes
Turn   | Place    | Note
-------+----------+-------------------------------------------
     0 | D:1      | Ubbricas the Demonspawn Gladiator began the quest for the
                  | Orb.
     0 | D:1      | Reached XP level 1. HP: 16/16 MP: 1/1
   153 | D:1      | Reached skill level 3 in Staves
   153 | D:1      | Gained mutation: You are partially covered in sharp spines.
                  | [demonic ancestry]
   153 | D:1      | Reached XP level 2. HP: 22/22 MP: 2/2
   779 | D:1      | Gained mutation: You have large cloven feet. [demonic
                  | ancestry]
   779 | D:1      | Reached XP level 3. HP: 16/28 MP: 3/3
  1290 | D:2      | Slain by a goblin

Illustrated notes

Levels and vault maps discovered:
D:1:      minmay_arrival_nine_rooms, layout_loops_corners
D:2:      layout_rooms, minmay_small_reverse_x, uniq_natasha

Skill      XL: |  1 |
---------------+----+-----
Staves         | 3 |  3.8
Fighting       | |  2.8
Throwing       | |  1.7
Dodging        | |  2.8

Action                   || total
-------------------------++-------
Melee: Quarterstaff      ||    70
Armor: Leather armour    ||    24
Dodge: Dodged            ||    48
